TOP OF THE 1ST |
Delmarva Shorebirds batting - Pitching for Quad Cities River Bandits : RHP Ricardo Acosta
|
Pitching: RHP Ricardo Acosta
|
|
Batting: RHB Josh Hopp
|
0-0: Called Strike 0-1: Foul Ball, location: 2F 0-2: Strikes out looking
|
Batting: LHB Sam Williams
|
0-0: Called Strike 0-1: DOUBLE (Line Drive, 78M, EV 99.4 MPH)
|
Batting: RHB Ken Manser
|
0-0: Ball 1-0: 2-RUN HOME RUN (Flyball, 7LD, EV 99.4 MPH), Distance : 353 ft
|
Batting: SHB Carlos Carrillo
|
0-0: Called Strike 0-1: Ground out 6-3 (Groundball, 6, EV 76.9 MPH)
|
Batting: RHB C.J. Wells
|
0-0: Foul Ball, location: 2F 0-1: SINGLE (Groundball, 56D, EV 96.2 MPH)
|
Batting: LHB Vinny Rivera
|
0-0: Called Strike 0-1: Ball 1-1: Foul Ball, location: 2F 1-2: Fielders Choice at 2nd, U6 (Groundball, 6M, EV 98.1 MPH)
|
Top of the 1st over - 2 runs, 3 hits, 0 errors, 1 left on base; Delmarva 2 - Quad Cities 0 |
BOTTOM OF THE 1ST |
Quad Cities River Bandits batting - Pitching for Delmarva Shorebirds : RHP Antonio Escobosa
|
Pitching: RHP Antonio Escobosa
|
|
Batting: RHB Omar Amaya
|
0-0: Ball 1-0: Ball 2-0: Ball 3-0: Base on Balls
|
Batting: RHB Sean Mounts
|
0-0: Called Strike 0-1: Called Strike 0-2: Ball 1-2: Ball 2-2: Foul Ball, location: 2F 2-2: Fly out, F5 (Popup, 5F, EV 80.0 MPH)
|
Batting: RHB Xavier Castaneda
|
0-0: Ball 1-0: Ball 2-0: Ball Omar Amaya is caught stealing 2nd base 2-4 3-0: Base on Balls
|
Batting: LHB Aldo Kok
|
0-0: Ball Xavier Castaneda steals 2nd base 1-0: Ground out 5-3 (Groundball, 56, EV 83.8 MPH)
|
Bottom of the 1st over - 0 runs, 0 hits, 0 errors, 1 left on base; Delmarva 2 - Quad Cities 0 |
TOP OF THE 2ND |
Delmarva Shorebirds batting - Pitching for Quad Cities River Bandits : RHP Ricardo Acosta
|
Batting: RHB Matthew Neal
|
0-0: Called Strike 0-1: Called Strike 0-2: Strikes out swinging
|
Batting: RHB Carlos Teniente
|
0-0: Ball 1-0: Foul Ball, location: 2F 1-1: Ball 2-1: Ball 3-1: Base on Balls
|
Batting: RHB Ruben Domingues
|
0-0: Foul Ball, location: 2F 0-1: Ball 1-1: Ball Carlos Teniente steals 2nd base 2-1: SINGLE (Groundball, 56D, EV 99.4 MPH) Carlos Teniente to third
|
Batting: RHB Josh Hopp
|
0-0: Called Strike 0-1: Foul Ball, location: 2F 0-2: Ball 1-2: Ball 2-2: Foul Ball, location: 2F 2-2: Strikes out looking
|
Batting: LHB Sam Williams
|
0-0: Called Strike 0-1: Ball 1-1: Called Strike 1-2: Strikes out looking
|
Top of the 2nd over - 0 runs, 1 hit, 0 errors, 2 left on base; Delmarva 2 - Quad Cities 0 |
BOTTOM OF THE 2ND |
Quad Cities River Bandits batting - Pitching for Delmarva Shorebirds : RHP Antonio Escobosa
|
Batting: RHB Yoshitoshi Mori
|
0-0: Ball 1-0: Foul Ball, location: 2F 1-1: Called Strike 1-2: Ground out 6-3 (Groundball, 6, EV 85.0 MPH)
|
Batting: RHB Andrew Pride
|
0-0: Called Strike 0-1: Foul Ball, location: 2F 0-2: Ball 1-2: Fly out, F8 (Flyball, 8LS, EV 84.4 MPH)
|
Batting: LHB Jackson Trottier
|
0-0: Ball 1-0: Called Strike 1-1: Swinging Strike 1-2: Ball 2-2: Ball 3-2: SINGLE (Line Drive, 9LS, EV 93.8 MPH)
|
Batting: RHB Dave Gallegos
|
0-0: Called Strike 0-1: Ball 1-1: Ball 2-1: SINGLE (Groundball, 3D, EV 103.8 MPH) Jackson Trottier to second Runner from 2nd tries for 3rd, SAFE, throw by RF made to third
|
Batting: SHB Benoît Morin
|
0-0: SINGLE (Groundball, 34D, EV 94.4 MPH) Jackson Trottier scores Dave Gallegos to second Runner from 2nd tries for 3rd, SAFE, throw by RF made to third
|
Batting: RHB Omar Amaya
|
0-0: Called Strike 0-1: Foul Ball, location: 2F 0-2: Ball 1-2: Strikes out looking
|
Bottom of the 2nd over - 1 run, 3 hits, 0 errors, 2 left on base; Delmarva 2 - Quad Cities 1 |
TOP OF THE 3RD |
Delmarva Shorebirds batting - Pitching for Quad Cities River Bandits : RHP Ricardo Acosta
|
Batting: RHB Ken Manser
|
0-0: Swinging Strike 0-1: Ball 1-1: Fly out, F8 (Line Drive, 8RM, EV 103.1 MPH)
|
Batting: SHB Carlos Carrillo
|
0-0: Ball 1-0: Swinging Strike 1-1: Ball 2-1: Foul Ball, location: 2F 2-2: Ball 3-2: Base on Balls
|
Batting: RHB C.J. Wells
|
0-0: Ball 1-0: Ball 2-0: Ball 3-0: Base on Balls Carlos Carrillo to second
|
Batting: LHB Vinny Rivera
|
0-0: Called Strike 0-1: Ball 1-1: Ball 2-1: Fielders Choice at 2nd, 5-4 (Groundball, 15, EV 83.8 MPH) Carlos Carrillo to third
|
Batting: RHB Matthew Neal
|
0-0: Swinging Strike 0-1: Called Strike 0-2: Ball 1-2: Strikes out looking
|
Top of the 3rd over - 0 runs, 0 hits, 0 errors, 2 left on base; Delmarva 2 - Quad Cities 1 |
BOTTOM OF THE 3RD |
Quad Cities River Bandits batting - Pitching for Delmarva Shorebirds : RHP Antonio Escobosa
|
Batting: RHB Sean Mounts
|
0-0: Foul Ball, location: 2F 0-1: Ball 1-1: Ground out 4-3 (Groundball, 4, EV 93.8 MPH)
|
Batting: RHB Xavier Castaneda
|
0-0: Called Strike 0-1: Called Strike 0-2: Foul Ball, location: 2F 0-2: Hit by Pitch
|
Pinch Runner at 1st Drew Coleman:
|
|
Batting: LHB Aldo Kok
|
0-0: Grounds into double play, 4-6-3 (Groundball, 4S, EV 87.5 MPH)
|
Bottom of the 3rd over - 0 runs, 0 hits, 0 errors, 0 left on base; Delmarva 2 - Quad Cities 1 |
TOP OF THE 4TH |
Delmarva Shorebirds batting - Pitching for Quad Cities River Bandits : RHP Ricardo Acosta
|
Now at 2B: Sean Mounts
|
|
Now at SS: Drew Coleman
|
|
Batting: RHB Carlos Teniente
|
0-0: Called Strike 0-1: Called Strike 0-2: Strikes out swinging
|
Batting: RHB Ruben Domingues
|
0-0: Ball 1-0: Called Strike 1-1: Foul Ball, location: 2F 1-2: Foul Ball, location: 2F 1-2: Ball 2-2: TRIPLE (Groundball, 3L, EV 105.0 MPH)
|
Batting: RHB Josh Hopp
|
0-0: Ball 1-0: SINGLE (Line Drive, 56D, EV 94.4 MPH) Ruben Domingues scores
|
Batting: LHB Sam Williams
|
0-0: Called Strike Josh Hopp steals 2nd base 0-1: Ball 1-1: Swinging Strike 1-2: Ball 2-2: Ball 3-2: Foul Ball, location: 2F 3-2: Foul Ball, location: 2F 3-2: Ground out 6-3 (Groundball, 6, EV 90.0 MPH) Josh Hopp to third
|
Batting: RHB Ken Manser
|
0-0: Called Strike 0-1: Ball 1-1: Called Strike 1-2: Ball 2-2: Foul Ball, location: 2F 2-2: Strikes out swinging
|
Top of the 4th over - 1 run, 2 hits, 0 errors, 1 left on base; Delmarva 3 - Quad Cities 1 |
BOTTOM OF THE 4TH |
Quad Cities River Bandits batting - Pitching for Delmarva Shorebirds : RHP Antonio Escobosa
|
Batting: RHB Yoshitoshi Mori
|
0-0: DOUBLE (Line Drive, 9LM, EV 91.2 MPH)
|
Batting: RHB Andrew Pride
|
0-0: Called Strike 0-1: Ball 1-1: DOUBLE (Flyball, 8RXD, EV 88.1 MPH) Yoshitoshi Mori scores
|
Batting: LHB Jackson Trottier
|
0-0: Ball Passed Ball! Andrew Pride to third 1-0: SINGLE (Line Drive, 89M, EV 108.1 MPH) Andrew Pride scores
|
Batting: RHB Dave Gallegos
|
0-0: Called Strike 0-1: Ball 1-1: Foul Ball, location: 2F 1-2: Ball 2-2: Fielders Choice at 2nd, 6-4 (Groundball, 6, EV 97.5 MPH)
|
Batting: SHB Benoît Morin
|
0-0: Fielders Choice at 2nd, 1-6 (Groundball, 23, EV 70.6 MPH)
|
Batting: RHB Omar Amaya
|
0-0: Swinging Strike 0-1: Called Strike 0-2: Strikes out swinging
|
Bottom of the 4th over - 2 runs, 3 hits, 0 errors, 1 left on base; Delmarva 3 - Quad Cities 3 |
TOP OF THE 5TH |
Delmarva Shorebirds batting - Pitching for Quad Cities River Bandits : RHP Ricardo Acosta
|
Batting: SHB Carlos Carrillo
|
0-0: Called Strike 0-1: Fly out, F7 (Flyball, 7, EV 93.1 MPH)
|
Batting: RHB C.J. Wells
|
0-0: Called Strike 0-1: Foul Ball, location: 2F 0-2: Ball 1-2: Strikes out swinging, 2-3 out at first.
|
Batting: LHB Vinny Rivera
|
0-0: Ball 1-0: Foul Ball, location: 2F 1-1: Ball 2-1: Called Strike 2-2: Strikes out looking
|
Top of the 5th over - 0 runs, 0 hits, 0 errors, 0 left on base; Delmarva 3 - Quad Cities 3 |
BOTTOM OF THE 5TH |
Quad Cities River Bandits batting - Pitching for Delmarva Shorebirds : RHP Antonio Escobosa
|
Batting: RHB Sean Mounts
|
0-0: Ground out 6-3 (Groundball, 6M, EV 98.8 MPH)
|
Batting: RHB Drew Coleman
|
0-0: Ball 1-0: Called Strike 1-1: Swinging Strike 1-2: Strikes out swinging
|
Batting: LHB Aldo Kok
|
0-0: Called Strike 0-1: Ball 1-1: Ball 2-1: Ground out 4-3 (Groundball, 4, EV 88.1 MPH)
|
Bottom of the 5th over - 0 runs, 0 hits, 0 errors, 0 left on base; Delmarva 3 - Quad Cities 3 |
TOP OF THE 6TH |
Delmarva Shorebirds batting - Pitching for Quad Cities River Bandits : RHP Ricardo Acosta
|
Batting: RHB Matthew Neal
|
0-0: Called Strike 0-1: Swinging Strike 0-2: Ball 1-2: Ball 2-2: Foul Ball, location: 2F 2-2: Foul Ball, location: 2F 2-2: Strikes out swinging
|
Batting: RHB Carlos Teniente
|
0-0: Called Strike 0-1: Ball 1-1: Foul Ball, location: 2F 1-2: SINGLE (Line Drive, 9S, EV 86.9 MPH)
|
Pitching: RHP Chance Robinson
|
|
Batting: RHB Ruben Domingues
|
0-0: Foul Ball, location: 2F 0-1: Ball 1-1: Ball 2-1: Called Strike 2-2: Foul Ball, location: 2F 2-2: Foul Ball, location: 2F 2-2: Foul Ball, location: 2F 2-2: Foul Ball, location: 2F 2-2: Foul Ball, location: 2F 2-2: Strikes out swinging
|
Batting: RHB Josh Hopp
|
0-0: Called Strike 0-1: Foul Ball, location: 2F 0-2: Ball Carlos Teniente is caught stealing 2nd base 2-4
|
Top of the 6th over - 0 runs, 1 hit, 0 errors, 0 left on base; Delmarva 3 - Quad Cities 3 |
BOTTOM OF THE 6TH |
Quad Cities River Bandits batting - Pitching for Delmarva Shorebirds : RHP Antonio Escobosa
|
Batting: RHB Yoshitoshi Mori
|
0-0: Ball 1-0: Called Strike 1-1: Swinging Strike 1-2: Foul Ball, location: 2F 1-2: Foul Ball, location: 2F 1-2: Strikes out looking
|
Batting: RHB Andrew Pride
|
0-0: Called Strike 0-1: Swinging Strike 0-2: Foul Ball, location: 2F 0-2: Foul Ball, location: 2F 0-2: Fly out, F9 (Flyball, 89D, EV 78.8 MPH)
|
Batting: LHB Jackson Trottier
|
0-0: Foul Ball, location: 2F 0-1: SINGLE (Groundball, 4D, EV 98.1 MPH)
|
Batting: RHB Dave Gallegos
|
0-0: Ball 1-0: Fly out, F8 (Line Drive, 8LD, EV 96.2 MPH)
|
Bottom of the 6th over - 0 runs, 1 hit, 0 errors, 1 left on base; Delmarva 3 - Quad Cities 3 |
TOP OF THE 7TH |
Delmarva Shorebirds batting - Pitching for Quad Cities River Bandits : RHP Chance Robinson
|
Pitching: RHP Kevin Zika
|
|
Batting: RHB Josh Hopp
|
0-0: Ball 1-0: Ball 2-0: Ground out 6-3 (Groundball, 6, EV 86.2 MPH)
|
Batting: LHB Sam Williams
|
0-0: Called Strike 0-1: Ball 1-1: DOUBLE (Line Drive, 8RXD, EV 111.9 MPH)
|
Batting: RHB Ken Manser
|
0-0: Called Strike 0-1: Foul Ball, location: 2F 0-2: Foul Ball, location: 2F 0-2: Strikes out swinging
|
Batting: SHB Carlos Carrillo
|
0-0: Foul Ball, location: 2F 0-1: SINGLE (Groundball, 3D, EV 104.4 MPH) Sam Williams to third Runner from 3rd tries for Home, SAFE, throw by RF to home
|
Batting: RHB C.J. Wells
|
0-0: Called Strike 0-1: Ball 1-1: Foul Ball, location: 2F 1-2: Ball 2-2: Strikes out looking
|
Top of the 7th over - 1 run, 2 hits, 0 errors, 1 left on base; Delmarva 4 - Quad Cities 3 |
BOTTOM OF THE 7TH |
Quad Cities River Bandits batting - Pitching for Delmarva Shorebirds : RHP Antonio Escobosa
|
Batting: SHB Benoît Morin
|
0-0: Ground out 3-1 (Groundball, 34S, EV 78.1 MPH)
|
Batting: RHB Omar Amaya
|
0-0: Called Strike 0-1: Ball 1-1: Ball 2-1: Foul Ball, location: 2F 2-2: Foul Ball, location: 2F 2-2: Fly out, F9 (Flyball, 89S, EV 78.1 MPH)
|
Batting: RHB Sean Mounts
|
0-0: TRIPLE (Flyball, 89XD, EV 101.9 MPH)
|
Batting: RHB Drew Coleman
|
0-0: Called Strike 0-1: Ball 1-1: Foul Ball, location: 2F 1-2: Strikes out swinging
|
Bottom of the 7th over - 0 runs, 1 hit, 0 errors, 1 left on base; Delmarva 4 - Quad Cities 3 |
TOP OF THE 8TH |
Delmarva Shorebirds batting - Pitching for Quad Cities River Bandits : RHP Kevin Zika
|
Pitching: LHP Glenn Lowther
|
|
Batting: LHB Vinny Rivera
|
0-0: Ball 1-0: Ground out 5-3 (Groundball, 56S, EV 70.6 MPH)
|
Batting: RHB Matthew Neal
|
0-0: Ball 1-0: Called Strike 1-1: Ball 2-1: Called Strike 2-2: Strikes out swinging
|
Batting: RHB Carlos Teniente
|
0-0: Ball 1-0: Ball 2-0: Foul Ball, location: 2F 2-1: Ball 3-1: Swinging Strike 3-2: Foul Ball, location: 2F 3-2: Fly out, F9 (Flyball, 9LD, EV 100.6 MPH)
|
Top of the 8th over - 0 runs, 0 hits, 0 errors, 0 left on base; Delmarva 4 - Quad Cities 3 |
BOTTOM OF THE 8TH |
Quad Cities River Bandits batting - Pitching for Delmarva Shorebirds : RHP Antonio Escobosa
|
Batting: LHB Aldo Kok
|
0-0: Ball 1-0: Ball 2-0: Ground out 1-3 (Groundball, 13S, EV 67.5 MPH)
|
Batting: RHB Yoshitoshi Mori
|
0-0: Fly out, F8 (Flyball, 8RD, EV 83.1 MPH)
|
Batting: RHB Andrew Pride
|
0-0: Ground out 6-3 (Groundball, 6, EV 100.6 MPH)
|
Bottom of the 8th over - 0 runs, 0 hits, 0 errors, 0 left on base; Delmarva 4 - Quad Cities 3 |
TOP OF THE 9TH |
Delmarva Shorebirds batting - Pitching for Quad Cities River Bandits : LHP Glenn Lowther
|
Pitching: RHP Bill Couch
|
|
Batting: RHB Ruben Domingues
|
0-0: Swinging Strike 0-1: Ball 1-1: Foul Ball, location: 2F 1-2: Strikes out swinging
|
Batting: RHB Josh Hopp
|
0-0: Ground out 4-3 (Groundball, 4, EV 83.8 MPH)
|
Batting: LHB Sam Williams
|
0-0: Ball 1-0: Called Strike 1-1: Foul Ball, location: 2F 1-2: Strikes out looking
|
Top of the 9th over - 0 runs, 0 hits, 0 errors, 0 left on base; Delmarva 4 - Quad Cities 3 |
BOTTOM OF THE 9TH |
Quad Cities River Bandits batting - Pitching for Delmarva Shorebirds : RHP Antonio Escobosa
|
Pitching: RHP Harley Hyde
|
|
Now at 1B: Carlos Teniente
|
|
Now at 2B: Juan Eyrich
|
|
Batting: LHB Jackson Trottier
|
0-0: Called Strike 0-1: Swinging Strike 0-2: Ball 1-2: Ball 2-2: Strikes out swinging
|
Pinch Hitting: LHB Tomas de Zeeuw
|
0-0: Ball 1-0: Ball 2-0: Ball 3-0: Called Strike 3-1: Base on Balls
|
Batting: SHB Benoît Morin
|
0-0: SINGLE (Groundball, 56D, EV 95.6 MPH) Tomas de Zeeuw to second
|
Batting: RHB Omar Amaya
|
0-0: Ball 1-0: Foul Ball, location: 2F 1-1: Foul Ball, location: 2F 1-2: Fly out, F6 (Line Drive, 6M, EV 68.1 MPH)
|
Batting: RHB Sean Mounts
|
0-0: Ball 1-0: Fly out, F9 (Flyball, 89D, EV 93.8 MPH)
|
Bottom of the 9th over - 0 runs, 1 hit, 0 errors, 2 left on base; Delmarva 4 - Quad Cities 3 |
|